 Dungeon Crawl Stone Soup version 0.29-a0-371-g91724d5b39 (webtiles) character file.

Game seed: 811080623912838813

1129 Hubjo the Magician (level 8, 0/46 HPs)
             Began as a Deep Elf Fire Elementalist on May 2, 2022.
             Was an Initiate of Dithmenos.
             Slain by an ogre
             ... wielding a +0 giant club
              (16 damage)
             ... on level 5 of the Dungeon.
             The game lasted 00:19:27 (8704 turns).

Hubjo the Magician (Deep Elf Fire Elementalist)     Turns: 8704, Time: 00:19:28

Health: 0/46       AC:  3    Str:  5    XL:     8   Next: 13%
Magic:  20/20      EV: 14    Int: 21    God:    Dithmenos [......]
Gold:   327        SH:  0    Dex: 19    Spells: 10/18 levels left

rFire   . . .      SeeInvis .   g - +0 dagger
rCold   + . .      Faith    .   (no shield)
rNeg    . . .      Spirit   .   a - +0 robe
rPois   .          Reflect  .   (no helmet)
rElec   .          Harm     .   (no cloak)
rCorr   .          Rampage  .   (no gloves)
Will    .....                   (no boots)
Stlth   ++++......              i - amulet of magic regeneration
HPRegen 0.15/turn               l - ring of protection from fire
MPRegen 0.57/turn               h - ring of ice

@: invisible
A: thin skeletal structure 1, high MP 1, shaggy fur 1
a: Renounce Religion


You were on level 5 of the Dungeon.
You worshipped Dithmenos.
Dithmenos was noncommittal.
You visited 2 branches of the dungeon, and saw 8 of its levels.

You collected 327 gold pieces.

Inventory:

Hand Weapons
 g - a +0 dagger (weapon)
Missiles
 p - a throwing net
Armour
 a - a +0 robe (worn)
Jewellery
 h - a ring of ice (right hand)
 i - an amulet of magic regeneration (around neck)
 l - a ring of protection from fire (left hand)
Wands
 t - a wand of mindburst (17)
Scrolls
 c - a scroll of fog
 d - a scroll of teleportation
 e - a scroll of holy word {unknown}
 f - a scroll of enchant weapon {unknown}
 k - 3 scrolls of noise
 o - a scroll of torment {unknown}
 q - a scroll of silence {unknown}
Potions
 j - a potion of berserk rage {unknown}
 m - a potion of brilliance {unknown}
 n - a potion of degeneration {unknown}
 r - a potion of magic
 s - a potion of ambrosia {unknown}


   Skills:
 + Level 3.3 Fighting
 - Level 4.3 Dodging
 + Level 5.3 Stealth
 + Level 5.5 Spellcasting
 - Level 1.1 Conjurations
 * Level 5.2 Summonings
 + Level 5.1 Fire Magic


You had 10 spell levels left.
You knew the following spells:

 Your Spells              Type           Power      Damage    Failure   Level
a - Foxfire               Conj/Fire      72%        2x1d7     2%          1
b - Summon Guardian Gole  Hex/Summ       16%        N/A       11%         3
c - Flame Wave            Conj/Fire      18%        2d6       28%         4

Your spell library contained the following spells:

 Spells                   Type           Power      Damage    Failure   Level
 Summon Small Mammal      Summ           100%       N/A       1%          1
 Scorch                   Fire           54%        2d7       1%          2
 Call Canine Familiar     Summ           28%        N/A       3%          3
 Conjure Flame            Conj/Fire      18%        6-21      9%          3
 Beastly Appendage        Tmut           10%        N/A       11%         1
 Inner Flame              Hex/Fire       16%        N/A       11%         3
 Wereblood                Tmut           5%         N/A       16%         2
 Gell's Gravitas          Tloc           5%         N/A       30%         3
 Lesser Beckoning         Tloc           5%         N/A       30%         3
 Spider Form              Tmut/Pois      5%         N/A       30%         3
 Teleport Other           Tloc           5%         N/A       30%         3


Dungeon Overview and Level Annotations

Branches:
Dungeon (7/15)             Temple (1/1) D:5

Altars:
Ashenzari
Cheibriados
Dithmenos
Elyvilon
Fedhas
Gozag
Hepliaklqana
Kikubaaqudgha
Makhleb
Nemelex Xobeh
Okawaru
Qazlal
Ru
Sif Muna
Trog
Uskayaw
Vehumet
Wu Jian
Xom
Yredelemnul
Zin
The Shining One


Innate Abilities, Weirdness & Mutations

You have a somewhat thin skeletal structure. (Dex +2, Stealth+)
You have an increased reservoir of magic. (+10% MP)
You are covered in fur. (AC +1)


Message History

You conjure some foxfire!
The foxfire hits the iguana.
The iguana is severely wounded.
Casting: Foxfire (safe; 3% risk of failure)
Confirm with . or Enter, or press ? or * to list all spells.
You conjure some foxfire!
The foxfire hits the iguana but does no damage.
The iguana is severely wounded.
The foxfire hits the iguana.
The iguana is almost dead.
Casting: Foxfire (safe; 3% risk of failure)
Confirm with . or Enter, or press ? or * to list all spells.
You conjure some foxfire!
The foxfire hits the iguana.
The iguana is almost dead.
You hit the iguana but do no damage.
The iguana is almost dead.
The foxfire hits the iguana.
You kill the iguana!
Dithmenos accepts your kill.
Your foxfire dissipates!
You see here an iguana corpse.
Welcome back, Hubjo the Deep Elf Fire Elementalist.
Dithmenos says: Spread the eternal night.
Press ? for a list of commands and other information.
You see here an iguana corpse.
An ogre comes into view. It is wielding a +0 giant club.
An ogre is nearby!
An ogre is nearby!
An ogre is nearby!
The helpless ogre fails to defend itself.
You puncture the ogre!
The ogre is heavily wounded.
The ogre hits you with a +0 giant club!!
You hit the ogre but do no damage.
The ogre is heavily wounded.
You hit the ogre but do no damage.
The ogre is heavily wounded.
The ogre hits you with a +0 giant club!
You fade into invisibility!
The ogre hits you with a +0 giant club!
You die...

#####
############.O.#
#...........@..# *
##.##########...#
********** ##...##
##.## *,,,,,,,,,
###.....###
*##*#.#*****,********
......>...#
*..,...,,,,,,********
###.....#.#
*.#*#.##***,,,,,,,,,,
##...##.##*.# #.#
**,#******,
##.##.[<##ยง# #.# *.#
*, ###.#.....#.#
#.######.# *,


You could see an ogre (can't see you).

Vanquished Creatures
  Menkaure (D:4)
  A water moccasin (D:5)
  2 ogres
  A phantom (D:4)
  A bullfrog (D:6)
  A necrophage (D:6)
  A scorpion (D:4)
  2 hounds
  An orc priest (D:4)
  4 iguanas
  Robin (D:2)
  4 gnolls (D:4)
  7 adders
  5 worms
  3 dart slugs
  7 orcs
  8 ball pythons
  8 endoplasms
  5 giant cockroaches
  17 goblins
  12 hobgoblins
  7 jackals
  2 quokkas
  4 bats
  6 frilled lizards
  12 kobolds
  4 rats
  A spectral hobgoblin (D:2)
128 creatures vanquished.

Vanquished Creatures (others)
  An iguana (D:5)
  840 foxfires
841 creatures vanquished.

Grand Total: 969 creatures vanquished

Notes
Turn   | Place    | Note
-------+----------+-------------------------------------------
     0 | D:1      | Hubjo the Deep Elf Fire Elementalist began the quest for
                  | the Orb.
     0 | D:1      | Reached XP level 1. HP: 10/10 MP: 6/6
   315 | D:1      | Reached XP level 2. HP: 16/16 MP: 4/8
  1034 | D:1      | Reached XP level 3. HP: 20/20 MP: 6/9
  1544 | D:1      | Learned a level 3 spell: Summon Guardian Golem
  1727 | D:2      | Reached skill level 1 in Fighting
  2080 | D:2      | Noticed Robin
  2092 | D:2      | Killed Robin
  2094 | D:2      | Reached XP level 4. HP: 8/25 MP: 1/11
  2345 | D:2      | Found a faded altar of an unknown god.
  2482 | D:2      | Reached skill level 1 in Summonings
  3882 | D:3      | Reached XP level 5. HP: 29/29 MP: 6/12
  4271 | D:3      | Found a stormy altar of Qazlal.
  4941 | D:4      | Gained mutation: Your body sometimes deteriorates upon
                  | taking damage. [potion of mutation]
  4941 | D:4      | Gained mutation: Your muscles are strong. (Str +2) [potion
                  | of mutation]
  4941 | D:4      | Lost mutation: Your muscles are strong. (Str +2) [potion of
                  | mutation]
  5444 | D:4      | Noticed Menkaure
  5447 | D:4      | Lost mutation: Your body sometimes deteriorates upon taking
                  | damage. [potion of mutation]
  5447 | D:4      | Gained mutation: You have an increased reservoir of magic.
                  | (+10% MP) [potion of mutation]
  5447 | D:4      | Gained mutation: You have a somewhat thin skeletal
                  | structure. (Dex +2, Stealth+) [potion of mutation]
  5447 | D:4      | Gained mutation: You are covered in fur. (AC +1) [potion of
                  | mutation]
  5459 | D:4      | Killed Menkaure
  5460 | D:4      | Reached XP level 6. HP: 12/35 MP: 2/15
  5963 | D:4      | Reached XP level 7. HP: 35/40 MP: 9/17
  6946 | D:5      | Entered Level 5 of the Dungeon
  7005 | D:6      | Learned a level 4 spell: Flame Wave
  7062 | D:6      | Reached skill level 5 in Spellcasting
  7076 | D:6      | Reached skill level 5 in Stealth
  7264 | D:5      | Found a staircase to the Ecumenical Temple.
  7295 | Temple   | Entered the Ecumenical Temple
  7349 | Temple   | Became a worshipper of Dithmenos the Shadowed
  8194 | D:4      | Reached skill level 5 in Summonings
  8437 | D:5      | Reached XP level 8. HP: 40/46 MP: 16/19
  8444 | D:5      | Reached skill level 5 in Fire Magic
  8704 | D:5      | Slain by an ogre

Illustrated notes

Levels and vault maps discovered:
D:1:      ncdulo_wetmaze, layout_basic, corexii_item_surrounded_by_moat,
          minmay_tetromino_t2
D:2:      layout_basic, dreamdust_ecumenical_altar_drowned_temple,
          minmay_3d_cube, uniq_robin
D:3:      layout_basic, nicolae_qazlal_scattered_showers
D:4:      layout_basic, uniq_menkaure
D:5:      layout_loops_ring, minmay_temple_entry_nine_rooms
D:6:      layout_layer_cave, nrook_campfire
D:7:      layout_basic
Temple:   minmay_crystal_snake_temple

Skill      XL: |  1  2  3  4  5  6  7  8 |
---------------+-------------------------+-----
Dodging        | 3 4 |  4.3
Fighting       | 1 2 3 |  3.3
Stealth        | 3 4 5 |  5.3
Summonings     | 1 2 3 5 |  5.2
Spellcasting   | 4 5 |  5.5
Fire Magic     | 4 5 |  5.1
Conjurations   | |  1.1

Action                   |  1- 3 |  4- 6 |  7- 9 || total
-------------------------+-------+-------+-------++-------
Melee: Dagger            |     1 |     9 |     6 ||    16
       Punch             |       |     1 |       ||     1
 Cast: Foxfire           |   162 |   235 |   116 ||   513
       Summon Guardian G |       |       |     7 ||     7
  Use: Potion            |     1 |     7 |     2 ||    10
       Scroll            |       |     5 |     6 ||    11
 Stab: Sleeping          |       |       |     1 ||     1
Armor: Robe              |     3 |    11 |     3 ||    17
Dodge: Dodged            |     9 |    39 |    25 ||    73

Table legend: (Time is in decaauts)
 A = Elapsed time spent in this place.
 B = Non-inter-level travel time spent in this place.
 C = Inter-level travel time spent in this place.
 D = Time resting spent in this place.
 E = Time spent auto-exploring this place.
 F = Levels seen in this place.
 G = Mean time per level.
                   A        B        C        D        E       F      G
               +--------+--------+--------+--------+--------+-----+--------+
         Total |   8714 |   8632 |     82 |    433 |   6631 |   8 | 1089.2 |
       Dungeon |   8493 |   8461 |     32 |    433 |   6572 |   7 | 1213.3 |
        Temple |    220 |    170 |     50 |      0 |     59 |   1 |  220.0 |
               +--------+--------+--------+--------+--------+-----+--------+

Top non-repeatable levels by time:
     D:4: 2391 daAuts
     D:2: 1946 daAuts
     D:1: 1560 daAuts
     D:3: 1391 daAuts
     D:5: 987 daAuts
  Temple: 220 daAuts
     D:6: 213 daAuts
     D:7: 2 daAuts
